 Dungeon Crawl Stone Soup version 0.31-a0-675-g238779eb0a (webtiles) character file.

Game seed: 10824580700317722295

92 qw the Shooter (level 4, -1/28 HPs)
             Began as a Gargoyle Hunter on Sept 5, 2023.
             Slain by Ijyb
             ... wielding a +0 club
              (3 damage)
             ... on level 3 of the Dungeon.
             The game lasted 00:00:45 (1508 turns).

qw the Shooter (Gargoyle Hunter)                    Turns: 1508, Time: 00:00:46

Health: -1/28      AC:  7    Str: 14    XL:     4   Next: 60%
Magic:  4/4        EV: 11    Int: 10    God:
Gold:   90         SH:  0    Dex: 15    Spells: 3/3 levels left

rFire   . . .        Y - +0 shortbow
rCold   . . .        (shield currently unavailable)
rNeg    + . .        c - +0 leather armour
rPois   inf          b - +0 helmet
rElec   +            (no cloak)
rCorr   .            (no gloves)
SInv    +            (no boots)
Will    .....        (no amulet)
Stlth   ++           d - ring of see invisible
HPRegen 0.24/turn    (no ring)
MPRegen 0.09/turn

%: no passive effects
@: no status effects
A: sickness immunity, AC +3, negative energy resistance 1, electricity
resistance, torment resistance 1, petrification resistance
a: no special abilities


You were on level 3 of the Dungeon.
You visited 1 branch of the dungeon, and saw 3 of its levels.

You collected 90 gold pieces.


Innate Abilities, Weirdness & Mutations

You are immune to sickness and miasma.
Your stone body is resilient. (AC +3)
You are immune to poison.
You resist negative energy. (rN+)
You are resistant to electric shocks. (rElec)
You are resistant to unholy torment.
You are immune to petrification.


   Skills:
 - Level 3.1 Fighting
 + Level 5.4 Ranged Weapons
 - Level 1.5 Dodging
 - Level 1.1 Stealth


You had 3 spell levels left.
You didn't know any spells.
Your spell library was empty.

Inventory:

Hand Weapons
 Y - a +0 shortbow (weapon)
Armour
 b - a +0 helmet (worn)
 c - a +0 leather armour (worn)
 h - a +0 pair of gloves
Jewellery
 d - a ring of see invisible (left hand)
Scrolls
 a - 2 scrolls of identify
 g - a scroll of vulnerability {unknown}
Potions
 e - a potion of curing {unknown}
 f - a potion of haste {unknown}
 i - a potion of enlightenment {unknown}

Dungeon Overview and Level Annotations

Branches:
Dungeon (3/15)

Altars:
Ashenzari

Shops:
D:2 [

Annotations:
D:3 Ijyb


Message History

A rat and an endoplasm come into view.
Found a scroll of identify.
You shoot an arrow. The endoplasm quivers.
The arrow hits the endoplasm!
You kill the endoplasm!
You shoot an arrow. The arrow closely misses the rat.
You shoot an arrow. The arrow hits the rat.
You kill the rat!
You see here a rat corpse.
A rat comes into view.
You see here a scroll of identify.
You shoot an arrow. The arrow hits the rat.
You kill the rat!
a - 2 scrolls of identify (gained 1)
Found a robe.
You see here a rat corpse.
Ijyb the Twisted Goblin comes into view.
She is wielding a +0 club and carrying a wand of flame.
You shoot an arrow. The arrow hits Ijyb.
Ijyb shouts!
Ijyb is lightly wounded.
You shoot an arrow. The arrow hits Ijyb.
Ijyb is moderately wounded.
Ijyb closely misses you.
You shoot an arrow. The arrow barely misses Ijyb.
Ijyb zaps a wand.
The puff of flame hits you.
You shoot an arrow. The arrow hits Ijyb but does no damage.
Ijyb is moderately wounded.
Ijyb hits you with a +0 club.
You shoot an arrow. The arrow barely misses Ijyb.
Ijyb zaps a wand.
The puff of flame hits you!
You shoot an arrow. The arrow barely misses Ijyb.
Ijyb zaps a wand.
The puff of flame hits you.
You shoot an arrow. The arrow hits Ijyb but does no damage.
Ijyb is moderately wounded.
Ijyb closely misses you.
You shoot an arrow. The arrow hits Ijyb but does no damage.
Ijyb is moderately wounded.
Ijyb zaps a wand.
The puff of flame hits you. Ijyb hits you with a +0 club.
You die...

#..####.#####........
#.........%.....^#
#..####.#####.##.#
#..# #........# #..#
########..# ...
.......%..#
########..# #..# #@.#
......g[.# ########.#
.# .. ###


You could see Ijyb.

Vanquished Creatures
  Robin (D:2)
  An adder (D:2)
  A worm (D:3)
  2 dart slugs (D:1)
  2 ball pythons (D:2)
  7 bats
  5 endoplasms
  2 giant cockroaches (D:2)
  13 goblins
  4 hobgoblins
  5 jackals (D:2)
  A quokka (D:1)
  4 frilled lizards
  5 kobolds
  8 rats
61 creatures vanquished.

Notes
Turn   | Place    | Note
-------+----------+-------------------------------------------
     0 | D:1      | qw the Gargoyle Hunter began the quest for the Orb.
     0 | D:1      | Reached XP level 1. HP: 12/12 MP: 1/1
     0 | D:1      | 0 ||| qw: Version: 0.3-a-75-g829b12e
     0 | D:1      | 0 ||| qw: Game counter: 103
     0 | D:1      | 0 ||| qw: Melee chars always use a shield: true
     0 | D:1      | 0 ||| qw: God list: Okawaru
     0 | D:1      | 0 ||| qw: Allow faded altars: false
     0 | D:1      | 0 ||| qw: Do Orc after clearing Dungeon:15 true
     0 | D:1      | 0 ||| qw: Do second Lair branch before Depths: true
     0 | D:1      | 0 ||| qw: Lair rune preference: random
     0 | D:1      | 0 ||| qw: Goals: Normal
     0 | D:1      | 0 ||| PLANNING D:1-11
   157 | D:1      | Reached XP level 2. HP: 17/17 MP: 2/2
   441 | D:1      | Reached XP level 3. HP: 20/21 MP: 3/3
   534 | D:1      | Reached skill level 5 in Ranged Weapons
   665 | D:1      | 665 ||| UPGRADING to ring of see invisible.
   666 | D:1      | 666 ||| DROPPING scroll of butterflies.
   724 | D:2      | Found Losicuur's Armour Shop.
   752 | D:2      | Noticed Robin
   766 | D:2      | Killed Robin
   767 | D:2      | Reached skill level 3 in Fighting
   773 | D:2      | Reached XP level 4. HP: 9/28 MP: 4/4
   856 | D:2      | 856 ||| SHOPLISTING +2 ring mail of poison resistance (198
                  | gold, have 0).
   856 | D:2      | 856 ||| SHOPLISTING +2 robe (139 gold, have 0).
   856 | D:2      | 856 ||| SHOPLISTING +2 robe of fire resistance (194 gold,
                  | have 0).
   887 | D:2      | Found a faded altar of an unknown god.
  1165 | D:2      | Found a broken altar of Ashenzari.
  1334 | D:2      | 1334 ||| UPGRADING to +0 helmet.
  1339 | D:2      | 1339 ||| READING 2 scrolls labelled LOIMMA OCWUGO.
  1340 | D:2      | 1340 ||| READING scroll labelled BASURCHUGIG.
  1341 | D:2      | 1341 ||| READING scroll labelled XUPHOQUDAA.
  1361 | D:2      | 1361 ||| READING scroll labelled JEUDEG AKHLATECH.
  1500 | D:3      | Noticed Ijyb
  1506 | D:3      | HP: 7/28 [Ijyb/puff of flame (4)]
  1508 | D:3      | HP: 2/28 [Ijyb/puff of flame (6)]
  1508 | D:3      | Slain by Ijyb

Levels and vault maps discovered:
D:1:      orjb1_clovarrival, layout_basic, serial_forest,
          infiniplex_forest_lined_ring, infiniplex_forest_lined_2,
          infiniplex_forest_straight_2, infiniplex_forest_clump_small,
          infiniplex_forest_clump_medium, interstate_on_off
D:2:      layout_basic, basic_altar, hellmonk_ecumenical_altar_dog_temple,
          serial_shops, shop, uniq_robin
D:3:      layout_loops_ring, uniq_ijyb, uniq_crazy_yiuf_cottage, uniq_terence

Skill      XL: |  1  2  3 |
---------------+----------+-----
Ranged Weapons | 5 |  5.4
Fighting       | 3 |  3.1
Dodging        | |  1.5
Stealth        | |  1.1

Action                     |  1- 3 |  4- 6 || total
---------------------------+-------+-------++-------
   Fire: Shortbow          |   113 |    85 ||   198
    Use: Scroll            |       |     4 ||     4
 Armour: Leather armour    |    35 |    22 ||    57
  Dodge: Dodged            |    39 |    19 ||    58

Table legend:
 A = Non-vault XP
 B = Vault XP
 C = Vault XP percentage of total XP
 D = Non-vault monster count
 E = Vault monster count
 F = Vault count percentage of total count
                 A         B        C        D         E       F
            +---------+---------+-------+---------+---------+-------
      Total |      88 |      44 |  33.3 |      46 |      15 |  24.6
            +---------+---------+-------+---------+---------+-------
        D:1 |      40 |       0 |   0.0 |      26 |       0 |   0.0
        D:2 |      34 |      44 |  56.4 |      13 |      15 |  53.6
        D:3 |      14 |       0 |   0.0 |       7 |       0 |   0.0
            +---------+---------+-------+---------+---------+-------
